 Dungeon Crawl Stone Soup version 0.28-a0-1447-ga5a8893891 (webtiles) character file.

Game seed: 6369586595337666182

1551 bande the Chopper (level 8, 0/82 HPs)
             Began as a Gargoyle Fighter on Jan 12, 2022.
             Was a Follower of Okawaru.
             Engulfed by a steam dragon's steam (3 damage)
             ... on level 7 of the Dungeon.
             The game lasted 00:14:18 (7404 turns).

bande the Chopper (Gargoyle Fighter)                Turns: 7404, Time: 00:14:19

Health: 0/82       AC: 24    Str: 25    XL:     8   Next: 88%
Magic:  10/10      EV:  2    Int: 10    God:    Okawaru [*.....]
Gold:   361        SH:  6    Dex: 11    Spells: 6/7 levels left

rFire   . . .      SeeInvis .   a - +0 war axe
rCold   . . .      Faith    .   c - +1 buckler
rNeg    + . .      Spirit   .   (armour currently unavailable) rPois āˆž Reflect .
                                (helmet currently unavailable)
rElec   .          Harm     .   (cloak currently unavailable)
rCorr   .          Rampage  .   (gloves currently unavailable)
Will    .....      NoTele   +   (boots currently unavailable)
Stlth   +.........              (no amulet)
HPRegen 0.23/turn               e - +6 ring of strength
MPRegen 0.12/turn               (no ring)

@: tree-form
A: stationary, stasis, torment immunity, boosted hp, sickness immunity, AC +5,
negative energy resistance 1, (electricity resistance), torment resistance 1,
petrification resistance, (hooves 1), sense surroundings 1, robust 1
a: Renounce Religion, Heroism


You were on level 7 of the Dungeon.
You worshipped Okawaru.
Okawaru was aware of your devotion.
You were a tree.
You visited 2 branches of the dungeon, and saw 8 of its levels.

You collected 361 gold pieces.

Inventory:

Hand Weapons
 a - a +0 war axe (weapon)
 i - a +1 mace of draining
 o - a +0 war axe
 u - the +4 mace of Diyw {vamp, Fragile Int+6 Dex+3}
   (You found it on level 6 of the Dungeon)

   It occasionally heals its wielder for a portion of the damage dealt when it
   wounds a living foe.
   Int:       It affects your intelligence (+6).
   Dex:       It affects your dexterity (+3).
   Fragile:   It will be destroyed if unequipped.
 v - a +2 vorpal mace
Armour
 b - a +2 helmet (melded)
 c - a +1 buckler (worn)
 n - a +0 chain mail (melded)
 r - a +2 pair of boots (melded)
 w - a +0 cloak (melded)
Jewellery
 e - a +6 ring of strength (left branch)
 k - a ring of fire
 m - an amulet of magic regeneration
Wands
 q - a wand of iceblast (9)
Scrolls
 g - 4 scrolls of teleportation
 j - a scroll of magic mapping
 t - a scroll of enchant armour
Potions
 d - 2 potions of might
 f - a potion of haste {unknown}
 h - 4 potions of curing {unknown}
 l - a potion of lignification
 p - a potion of invisibility {unknown}
 s - a potion of brilliance {unknown}


   Skills:
 + Level 5.4 Fighting
 + Level 6.7 Axes
 + Level 5.9 Armour
 + Level 4.8 Shields
 * Level 1.1 Translocations
 * Level 3.8 Invocations
 * Level 1.1 Evocations


You had 6 spell levels left.
You knew the following spells:

 Your Spells              Type           Power      Damage    Failure   Level
a - Apportation           Tloc           4%         N/A       30%         1

Your spell library contained the following spells:

 Spells                   Type           Power      Damage    Failure   Level
 Anguish                  Hex/Necr       0%         N/A       99%         4
 Enfeeble                 Hex            0%         N/A       100%        7
 Storm Form               Tmut/Air       0%         N/A       100%        7
 Maxwell's Capacitive Co  Air            0%         āˆž       100%        8
 Animate Skeleton         Necr           Unusable   N/A       N/A         1
 Summon Small Mammal      Summ           Unusable   N/A       N/A         1
 Call Canine Familiar     Summ           Unusable   N/A       N/A         3
 Summon Guardian Golem    Hex/Summ       Unusable   N/A       N/A         3
 Tukima's Dance           Hex            Unusable   N/A       N/A         3
 Summon Lightning Spire   Summ/Air       Unusable   N/A       N/A         4

Dungeon Overview and Level Annotations

Branches:
Dungeon (7/15)             Temple (1/1) D:4

Altars:
Ashenzari
Dithmenos
Elyvilon
Fedhas
Hepliaklqana
Okawaru
Qazlal
Ru
Sif Muna
Uskayaw
Vehumet
Wu Jian
Xom
Yredelemnul
Zin


Innate Abilities, Weirdness & Mutations

You are a tree.
Your roots penetrate the ground, keeping you stationary.
You cannot be teleported.
You are immune to unholy pain and torment.
Your maximum health is greatly increased.
Your equipment is partially melded.
You are immune to sickness and miasma.
((Your stone body is resilient. (AC +5)))
You are immune to poison.
You resist negative energy. (rN+)
((You are resistant to electric shocks. (rElec)))
You are resistant to unholy torment.
You are immune to petrification.
((You have large cloven feet.))
You passively map a small area around you.
You are robust. (+10% HP)


Message History

You are engulfed in a cloud of scalding steam.
The steam dragon bites you. The steam dragon claws you.
* * * LOW HITPOINT WARNING * * *
Unknown command.
You completely miss the steam dragon.
The steam dragon is severely wounded.
The steam dragon bites you but does no damage.
The steam dragon completely misses you.
You hit the steam dragon but do no damage.
The steam dragon is severely wounded.
The steam dragon breathes steam at you. The ball of steam hits you!
* * * LOW HITPOINT WARNING * * *
Unknown command.
You barely miss the steam dragon.
The steam dragon is severely wounded.
You are engulfed in a cloud of scalding steam.
The steam dragon bites you.
* * * LOW HITPOINT WARNING * * *
The steam dragon claws you but does no damage.
It was a potion of lignification.
You turn into a tree.
Your +0 cloak melds into your body.
Your +2 helmet melds into your body.
Your +2 pair of boots melds into your body.
Your +0 chain mail melds into your body.
Your roots penetrate the ground.
You are engulfed in a cloud of scalding steam.
* * * LOW HITPOINT WARNING * * *
The steam dragon bites you but does no damage.
The steam dragon claws you.
* * * LOW HITPOINT WARNING * * *
You closely miss the steam dragon.
The steam dragon is severely wounded.
You are engulfed in a cloud of scalding steam.
The steam dragon bites you but does no damage.
The steam dragon claws you.
* * * LOW HITPOINT WARNING * * *
You hit the steam dragon.
The steam dragon is almost dead.
You are engulfed in a cloud of scalding steam.
You die...

,,
#...###<.......
*
##........####.
** #........##
*, ,
....#...### * ,
...*##..## * ,
. #...# , **
##..## ##..# *
, #.ā™£# ,
##Dā€ # * #...#
##.... , , ,
,/....,, ,
....... , *,
....... , ,
.....#. *


You could see a steam dragon.

Vanquished Creatures
  4 water moccasins
  An ice beast (D:5)
  A black bear (D:5)
  An ogre (D:5)
  3 scorpions
  A water moccasin zombie (D:5)
  A water moccasin skeleton (D:4)
  A howler monkey (D:6)
  3 hounds (D:5)
  An orc priest (D:5)
  Crazy Yiuf (D:6)
  A jelly (D:4)
  A bullfrog skeleton (D:6)
  2 iguanas
  An orc wizard (D:5)
  2 hound skeletons
  3 gnolls (D:6)
  9 adders
  A white imp (D:5)
  An ufetubus (D:5)
  An adder skeleton (D:5)
  2 worms (D:2)
  2 dart slugs
  14 orcs
  4 bats
  11 endoplasms
  A giant cockroach (D:2)
  6 goblins
  9 hobgoblins
  14 jackals
  5 quokkas
  6 ball pythons
  4 frilled lizards
  13 kobolds
  7 rats
138 creatures vanquished.

Vanquished Creatures (others)
  An orc (D:5)
  3 fungi (D:6)
4 creatures vanquished.

Grand Total: 142 creatures vanquished

Notes
Turn   | Place    | Note
-------+----------+-------------------------------------------
     0 | D:1      | bande the Gargoyle Fighter began the quest for the Orb.
     0 | D:1      | Reached XP level 1. HP: 14/14 MP: 1/1
    60 | D:1      | Reached XP level 2. HP: 19/19 MP: 2/2
   592 | D:1      | Reached skill level 2 in Axes
   933 | D:1      | Reached XP level 3. HP: 24/24 MP: 3/3
  1056 | D:2      | Found a faded altar of an unknown god.
  1435 | D:2      | Reached XP level 4. HP: 6/29 MP: 4/4
  2454 | D:2      | Reached skill level 3 in Axes
  2487 | D:2      | Found a broken altar of Ashenzari.
  2651 | D:3      | Reached XP level 5. HP: 31/33 MP: 5/5
  3575 | D:4      | Found a shimmering altar of Xom.
  3658 | D:4      | Reached skill level 4 in Axes
  3667 | D:4      | Reached XP level 6. HP: 27/38 MP: 6/6
  3675 | D:4      | Gained mutation: You are robust. (+10% HP) [potion of
                  | mutation]
  3675 | D:4      | Gained mutation: You sometimes lose the ability to read
                  | scrolls when taking damage. [potion of mutation]
  3675 | D:4      | Gained mutation: Your magical capacity is low. (-10% MP)
                  | [potion of mutation]
  3676 | D:4      | Lost mutation: You sometimes lose the ability to read
                  | scrolls when taking damage. [potion of mutation]
  3676 | D:4      | Lost mutation: Your magical capacity is low. (-10% MP)
                  | [potion of mutation]
  3676 | D:4      | Gained mutation: You have large cloven feet. [potion of
                  | mutation]
  3676 | D:4      | Gained mutation: You passively map a small area around you.
                  | [potion of mutation]
  3676 | D:4      | Lost mutation: You have large cloven feet. [potion of
                  | mutation]
  3676 | D:4      | Gained mutation: You have large cloven feet. [potion of
                  | mutation]
  3947 | D:4      | Found a large runed translucent door.
  3948 | D:4      | Found a large runed translucent door.
  3990 | D:4      | Found a staircase to the Ecumenical Temple.
  3999 | Temple   | Entered the Ecumenical Temple
  4281 | Temple   | Became a worshipper of Warmaster Okawaru
  4533 | D:4      | Found a stormy altar of Qazlal.
  4542 | D:4      | Found a sacrificial altar of Ru.
  4565 | D:5      | Entered Level 5 of the Dungeon
  4707 | D:5      | Reached XP level 7. HP: 36/48 MP: 7/7
  4713 | D:5      | Reached skill level 5 in Axes
  4713 | D:5      | Reached skill level 1 in Invocations
  4963 | D:5      | Reached skill level 5 in Armour
  5406 | D:5      | Reached * piety under Okawaru
  5407 | D:5      | Reached XP level 8. HP: 17/52 MP: 9/9
  5764 | D:5      | Reached skill level 5 in Fighting
  5764 | D:5      | Reached skill level 6 in Axes
  6523 | D:6      | Found a shadowy altar of Dithmenos.
  6570 | D:6      | Learned a level 1 spell: Apportation
  7286 | D:6      | Identified the +4 mace of Diyw {vamp, Fragile Int+6 Dex+3}
  7288 | D:6      | Found a runed translucent door.
  7290 | D:6      | Noticed Crazy Yiuf
  7296 | D:6      | Killed Crazy Yiuf
  7398 | D:7      | Reached skill level 1 in Translocations
  7398 | D:7      | Reached skill level 1 in Evocations
  7403 | D:7      | HP: 3/82 [steam dragon (2)]
  7404 | D:7      | Engulfed by a steam dragon's steam

Illustrated notes

Levels and vault maps discovered:
D:1:      minmay_arrival_plants_in_alcoves, layout_basic,
          nicolae_figureground_pulse
D:2:      layout_loops_corners, ebering_ecumenical_altar_hall, basic_altar,
          minmay_pentomino_pile
D:3:      layout_rooms, grunt_decor_junction
D:4:      layout_rooms, mainiacjoe_overflow_tiny_flanked, jmf_multi_god_temple2,
          minmay_temple_entry_glass, hangedman_decor_points
D:5:      layout_basic, serial_curves, eino_curves_02, eino_curves_03,
          minmay_joined_circles
D:6:      corexii_shack_village, layout_cave_pods,
          nicolae_dithmenos_the_darkroom, uniq_crazy_yiuf_cottage
D:7:      layout_layer_cave, lemuel_coloured_pillars_altar,
          nicolae_overflow_hidden_temple
Temple:   minmay_temple_curvy_loop

Skill      XL: |  1  2  3  4  5  6  7  8 |
---------------+-------------------------+-----
Axes           | 2 3 4 5 6 |  6.7
Armour         | 4 5 |  5.9
Fighting       | 4 5 |  5.4
Shields        | 4 |  4.8
Invocations    | 2 3 |  3.8
Translocations | 1 |  1.1
Evocations     | 1 |  1.1

Action                   |  1- 3 |  4- 6 |  7- 9 || total
-------------------------+-------+-------+-------++-------
Melee: War axe           |   105 |   170 |   186 ||   461
       Kick              |       |    10 |    18 ||    28
  Use: Scroll            |     1 |     5 |     1 ||     7
       Potion            |       |     2 |     1 ||     3
Armor: Scale mail        |    48 |   108 |     7 ||   163
       Chain mail        |       |       |   107 ||   107
       Skin              |       |       |     3 ||     3
Dodge: Dodged            |    56 |    82 |    84 ||   222
Block: Buckler           |    24 |    45 |    52 ||   121

Table legend: (Time is in decaauts)
 A = Elapsed time spent in this place.
 B = Non-inter-level travel time spent in this place.
 C = Inter-level travel time spent in this place.
 D = Time resting spent in this place.
 E = Time spent auto-exploring this place.
 F = Levels seen in this place.
 G = Mean time per level.
                   A        B        C        D        E       F      G
               +--------+--------+--------+--------+--------+-----+--------+
         Total |   7556 |   7412 |    144 |   1378 |   4694 |   8 |  944.5 |
       Dungeon |   7242 |   7164 |     78 |   1378 |   4472 |   7 | 1034.6 |
        Temple |    314 |    248 |     66 |      0 |    222 |   1 |  314.0 |
               +--------+--------+--------+--------+--------+-----+--------+

Top non-repeatable levels by time:
     D:5: 1837 daAuts
     D:2: 1724 daAuts
     D:6: 1019 daAuts
     D:1: 980 daAuts
     D:3: 879 daAuts
     D:4: 771 daAuts
  Temple: 314 daAuts
     D:7: 28 daAuts
